 Dungeon Crawl Stone Soup version 0.29.1-12-g30fa7ad0bf (webtiles) character file.

Game seed: 9207627013897354327

116 FaviusArthum the Trooper (level 5, -2/41 HPs)
             Began as a Human Abyssal Knight on Jan 7, 2023.
             Was a Priest of Lugonu.
             Slain by an ice beast (10 damage)
             ... on level 4 of the Dungeon.
             The game lasted 00:16:10 (4427 turns).

FaviusArthum the Trooper (Human Abyssal Knight)     Turns: 4427, Time: 00:16:11

Health: -2/41      AC:  7    Str: 13    XL:     5   Next: 21%
Magic:  6/6        EV:  9    Int: 13    God:    Lugonu [***...]
Gold:   174        SH:  0    Dex: 13    Spells: 4/4 levels left

rFire   . . .      SeeInvis .   t - +0 rapier
rCold   . . .      Faith    .   (no shield)
rNeg    . . .      Spirit   .   i - +0 scale mail
rPois   .          Reflect  .   (no helmet)
rElec   .          Harm     .   (no cloak)
rCorr   .          Rampage  .   v - +0 pair of gloves
Will    .....                   (no boots)
Stlth   ..........              (no amulet)
HPRegen 0.13/turn               (no ring)
MPRegen 0.10/turn               (no ring)

@: about to teleport
A: no striking features
a: Renounce Religion, Depart the Abyss, Bend Space, Banish


You were on level 4 of the Dungeon.
You worshipped Lugonu.
Lugonu was most pleased with you.
You visited 1 branch of the dungeon, and saw 4 of its levels.
You visited the Abyss 1 time.

You collected 174 gold pieces.

Inventory:

Hand Weapons
 a - a +1 spear
 d - a +0 club
 s - a +0 sling
 t - a +0 rapier (weapon)
Missiles
 e - 21 stones
 h - a curare-tipped dart
 r - 2 boomerangs
Armour
 b - a +0 leather armour
 i - a +0 scale mail (worn)
 v - a +0 pair of gloves (worn)
Magical Staves
 n - a staff of cold
Jewellery
 u - a ring of protection from cold
Wands
 k - a wand of paralysis (1)
Scrolls
 f - 2 scrolls of noise
 g - 2 scrolls of amnesia
 m - a scroll of blinking
 o - 2 scrolls of magic mapping
Potions
 c - 2 potions of degeneration
 j - a potion of berserk rage {unknown}
 l - a potion of heal wounds
 p - a potion of might {unknown}
 w - a potion of curing {unknown}


   Skills:
 + Level 3.6 Fighting
 + Level 0.1 Short Blades
 + Level 3.3(3.4) Polearms
 + Level 0.9(2.3) Staves
 + Level 0.8 Throwing
 + Level 2.6 Armour
 + Level 1.4 Dodging
 + Level 0.5 Stealth
 + Level 2.0 Invocations


You had 4 spell levels left.
You didn't know any spells.
Your spell library was empty.

Dungeon Overview and Level Annotations

Branches:
Dungeon (4/15)             Temple (0/1) D:4

Altars:
Ashenzari
Qazlal
Ru

Shops:
D:3 =


Message History

o - 3 scrolls of magic mapping (gained 1)
There is a stone staircase leading down here.
You climb downwards.
Found 10 gold pieces.
There is a stone staircase leading up here.
As you read the scroll of magic mapping, it crumbles to dust.
You feel aware of your surroundings.
Found a stone staircase leading down.
An ice beast comes into view.
Found a scroll labelled ORUMIN HEIXIEKH.
Found a staircase to the Ecumenical Temple.
The ice beast hits you but does no damage.
You hit the ice beast.
The ice beast is lightly wounded.
The ice beast closely misses you.
You barely miss the ice beast.
The ice beast is lightly wounded.
The ice beast hits you. The ice beast freezes you!
You hit the ice beast.
The ice beast is lightly wounded.
The ice beast hits you but does no damage.
Aiming: Paralyse
Press: ? - help, Shift-Dir - straight line, f - ice beast
Aim: an ice beast (lightly wounded, chance to affect: 49%)
The ice beast resists with some effort.
The ice beast barely misses you.
Aiming: Paralyse
Press: ? - help, Shift-Dir - straight line, f/p - ice beast
Aim: an ice beast (lightly wounded, chance to affect: 49%)
The ice beast resists with some effort.
The ice beast barely misses you. The ice beast attacks as you move away!
The ice beast hits you. The ice beast freezes you!
* * * LOW HITPOINT WARNING * * *
As you read the scroll of teleportation, it crumbles to dust.
You feel strangely unstable.
The ice beast hits you but does no damage.
The ice beast attacks as you move away! The ice beast misses you.
The ice beast attacks as you move away! The ice beast hits you.
* * * LOW HITPOINT WARNING * * *
The ice beast freezes you!
You die...

******,#<#..#,*
**********,#.#..#.#
,,,,,,,,,,>#.#..#.#
***********#.#..#.#
*****,,,.#.#.#..#.###*
,,,,,,,,......>.#...,*
***,*,**##.#.#..#.##.###**
,,,,*,,,,,,#.#..........,**
******######.#..@#.....*,,**
,,,,,,.......#.Y##.....**,,**
******#######..##..#.#.,**,,**
,,,,,,........##..#*,##,,**,,*
******#######....##...#*,,,,,*
#.......>..,,,,,,*
#...?##...#*,,,,,*
#.##..#*,##,,**,,*
#..*#..#,*,,**,,,*


You could see an ice beast.

Vanquished Creatures
  Ijyb (D:3)
  An iguana (D:3)
  A worm (D:2)
  2 dart slugs (D:1)
  5 ball pythons
  3 endoplasms (D:1)
  3 giant cockroaches
  5 goblins
  7 hobgoblins
  6 kobolds
  2 quokkas
  9 bats
  3 frilled lizards
  6 rats
54 creatures vanquished.

Notes
Turn   | Place    | Note
-------+----------+-------------------------------------------
     0 | Abyss:1  | FaviusArthum the Human Abyssal Knight began the quest for
                  | the Orb.
     0 | Abyss:1  | Reached XP level 1. HP: 18/18 MP: 2/2
    27 | Abyss:1  | Noticed a large abomination
    31 | D:1      | Escaped the Abyss
   250 | D:1      | Reached XP level 2. HP: 23/24 MP: 3/3
   987 | D:1      | Reached XP level 3. HP: 24/29 MP: 4/4
  2343 | D:2      | Found a sacrificial altar of Ru.
  2650 | D:2      | Reached XP level 4. HP: 35/35 MP: 5/5
  2949 | D:3      | Found Seopn's Jewellery Shoppe.
  3552 | D:3      | Found a broken altar of Ashenzari.
  3583 | D:3      | Reached *** piety under Lugonu
  3609 | D:3      | Noticed Ijyb
  3612 | D:3      | Paralysed by Ijyb for 3 turns
  3644 | D:3      | Found a stormy altar of Qazlal.
  3652 | D:3      | Killed Ijyb
  3653 | D:3      | Reached XP level 5. HP: 41/41 MP: 6/6
  4217 | D:3      | Found a faded altar of an unknown god.
  4412 | D:4      | Noticed an ice beast
  4413 | D:4      | Found a staircase to the Ecumenical Temple.
  4427 | D:4      | Slain by an ice beast

Illustrated notes

Levels and vault maps discovered:
D:1:      sevenhm_arrival_forest_fort_small_5, layout_basic
D:2:      layout_loops_ring, basic_altar, grunt_ministairs_11
D:3:      layout_loops_cross, nicolae_qazlal_general_emergency,
          ashenzari_conservatory_becter, serial_shops, nicolae_shop_stone,
          shapermc_ecumenical_altar_pompeii, uniq_ijyb
D:4:      layout_basic, minmay_temple_entry_waves, minmay_bent

Skill      XL: |  1  2  3  4 |
---------------+-------------+-----
Polearms       | 3 |  3.3
Fighting       | |  3.6
Short Blades   | |  0.1
Staves         | |  0.9
Throwing       | |  0.8
Armour         | |  2.6
Dodging        | |  1.4
Stealth        | |  0.5
Invocations    | |  2.0

Action                   |  1- 3 |  4- 6 || total
-------------------------+-------+-------++-------
Melee: Spear             |   118 |     7 ||   125
       Staff             |     2 |    16 ||    18
       Rapier            |       |    36 ||    36
       Punch             |       |     1 ||     1
Throw: Dart              |     3 |    12 ||    15
       Stone             |     2 |     3 ||     5
Invok: Depart the Abyss  |     1 |       ||     1
Evoke: Wand              |       |     2 ||     2
  Use: Scroll            |     6 |     5 ||    11
Armor: Leather armour    |    28 |       ||    28
       Scale mail        |    13 |    22 ||    35
Dodge: Dodged            |    80 |    38 ||   118
